 Dungeon Crawl Stone Soup version 0.27-a0-1202-ge72e49191c (webtiles) character file.

Game seed: 2647427866465873556

14089 Gwenloh the Cleaver (level 11, 0/103 HPs)
             Began as a Deep Dwarf Fighter on June 4, 2021.
             Was a Priest of Makhleb.
             Slain by a blink frog (8 damage)
             ... on level 3 of the Lair of Beasts.
             The game lasted 00:41:32 (9855 turns).

Gwenloh the Cleaver (Deep Dwarf Fighter)            Turns: 9855, Time: 00:41:33

Health: 0/103      AC: 14    Str: 21    XL:     11   Next: 84%
Magic:  6/6        EV: 12    Int: 11    God:    Makhleb [***...]
Gold:   901        SH: 12    Dex: 15    Spells: 10/10 levels left

rFire    . . .     SeeInvis .   v - +6 flail of Pusmu {vamp, rN+ Int+3}
rCold    . . .     Faith    .   c - +0 kite shield
rNeg     + . .     Spirit   .   b - +0 scale mail
rPois    .         Reflect  .   w - +1 helmet
rElec    .         Harm     .   (no cloak)
rCorr    .         Rampage  .   (no gloves)
Will     +....                  (no boots)
Stlth    ..........             (no amulet)
HPRegen  0.00/turn              L - +4 ring of protection
MPRegen  0.10/turn              E - +4 ring of evasion

@: frozen, very slow
A: damage resistance, heal wounds, sense surroundings 2, no regeneration
a: Heal Wounds, Renounce Religion, Minor Destruction, Lesser Servant of Makhleb


You were on level 3 of the Lair of Beasts.
You worshipped Makhleb.
Makhleb was most pleased with you.
You visited 2 branches of the dungeon, and saw 11 of its levels.
You also visited: Ossuary.

You collected 901 gold pieces.

Inventory:

Hand Weapons
 a - a +3 war axe
 v - the +6 flail of Pusmu (weapon) {vamp, rN+ Int+3}
   (You found it on level 6 of the Dungeon)

   It inflicts no extra harm, but heals its wielder when it wounds a living foe.
   It affects your intelligence (+3).
   It protects you from negative energy.
Missiles
 p - 25 poisoned darts
 r - 5 boomerangs of dispersal
 C - 4 atropa-tipped darts
 J - 6 silver boomerangs (quivered)
Armour
 b - a +0 scale mail (worn)
 c - a +0 kite shield (worn)
 w - a +1 helmet (worn)
Jewellery
 e - a ring of protection from cold
 E - a +4 ring of evasion (right hand)
 I - a ring of see invisible
 L - a +4 ring of protection (left hand)
Wands
 i - a wand of charming (7)
 j - a wand of flame (8)
 s - a wand of mindburst (14)
 y - a wand of paralysis (25)
Scrolls
 d - 2 scrolls of immolation
 g - 2 scrolls of enchant armour
 k - 2 scrolls of fog
 n - 2 scrolls of teleportation {unknown}
 o - a scroll of blinking {unknown}
 t - 3 scrolls of magic mapping
 u - 3 scrolls of amnesia
 F - a scroll of holy word {unknown}
 H - 4 scrolls of identify
 K - a scroll of silence {unknown}
 M - a scroll of vulnerability {unknown}
Potions
 f - 2 potions of invisibility
 h - 2 potions of brilliance {unknown}
 l - 6 potions of curing
 m - 7 potions of mutation
 q - 3 potions of lignification {unknown}
 x - 3 potions of heal wounds {unknown}
 z - 2 potions of magic {unknown}
 A - 2 potions of berserk rage {unknown}
 B - a potion of haste {unknown}
 D - a potion of attraction {unknown}
 G - a potion of degeneration {unknown}


   Skills:
 + Level 7.9 Fighting
 * Level 12.3 Axes
 + Level 9.4 Armour
 + Level 9.4 Shields
 + Level 9.4 Invocations


You had 10 spell levels left.
You didn't know any spells.
Your spell library contained the following spells:

 Spells                   Type           Power      Damage    Failure   Level
 Beastly Appendage        Tmut           0%         N/A       86%         1
 Poisonous Vapours        Pois/Air       0%         N/A       94%         2
 Wereblood                Tmut           0%         N/A       94%         2
 Conjure Flame            Conj/Fire      0%         6-21      99%         3
 Mephitic Cloud           Conj/Pois/Air  0%         N/A       99%         3
 Spider Form              Tmut/Pois      0%         N/A       99%         3
 Ice Form                 Ice/Tmut       0%         N/A       100%        4
 Hydra Form               Tmut           0%         N/A       100%        5
 Freezing Cloud           Conj/Ice/Air   0%         6-21      100%        6


Dungeon Overview and Level Annotations

Branches:
Dungeon (8/15)             Temple (0/1) D:6            Lair (3/6) D:8
Ossuary (visited)
  Swamp: Lair:2-4    Shoals: Lair:2-4     Snake: Lair:2-4    Spider: Lair:2-4

Altars:
Cheibriados
Dithmenos
Elyvilon
Fedhas
Makhleb
Trog
Xom
Zin
The Shining One

Shops:
D:3 *   D:4 (   D:6 =

Annotations:
D:2 1 runed translucent door, Crazy Yiuf
D:3 Sigmund
D:8 3 runed translucent doors, ma3's ghost, novice SpHu
Lair:1 exclusion: oklob plant


Innate Abilities, Weirdness & Mutations

You are resistant to damage.
You can heal yourself by infusing magical energy.
You passively map the area around you.
You do not regenerate.


Message History

The blink frog hits you but does no damage.
The rime drake bites you but does no damage.
The blink frog blinks!
The blink frog hits the plant!
The plant begins to die.
The blink frog blinks!
The blink frog blinks! x2
The rime drake breathes ice at you. The flash freeze misses you.
The blink frog blinks!
The blink frog blinks!
A nearby plant withers and dies.
The blink frog blinks!
The blink frog hits you!
* * * LOW HITPOINT WARNING * * *
The blink frog blinks!
The blink frog hits you but does no damage.
The rime drake breathes ice at you. The flash freeze hits you!
* * * LOW HITPOINT WARNING * * *
You are encased in ice.
The blink frog hits you but does no damage.
The blink frog blinks! x2; The blink frog misses you.
You feel much better.
The blink frog blinks!
You block the rime drake's attack. You block the blink frog's attack.
You thump the blink frog!
The blink frog is heavily wounded.
The ice encasing you melts away.
The blink frog blinks!
The rime drake breathes ice at you. The flash freeze hits you!!
* * * LOW HITPOINT WARNING * * *
You are encased in ice.
You block the blink frog's attack. The blink frog hits you.
* * * LOW HITPOINT WARNING * * *
You block the rime drake's attack. The blink frog misses you.
The blink frog blinks!
You hear a bellow!
The blink frog blinks!
The blink frog hits you!
* * * LOW HITPOINT WARNING * * *
The blink frog hits you.
* * * LOW HITPOINT WARNING * * *
The blink frog hits you!
You die...

.##.....#PY....###### #...#
.##.....#P....###.#.###...#
........##....'...........#
.P......#.....##....##P...##
.#..####.#..§..##'###.....P#
.#...##.......F##.#####...##
...............§PF#.#.....#
§†.............Fk.<.......#
..#P.#####.####F@P.##.##.##
###### ### ############


You could see 4 blink frogs and a rime drake.

Vanquished Creatures
  A hydra (Lair:2)
  A two-headed ogre (D:8)
  Nergalle (D:8)
  Pikel (D:5)
  Maggie (D:7)
  5 cane toads
  4 komodo dragons
  15 blink frogs
  11 yaks
  A wyvern (D:8)
  A basilisk (Lair:2)
  Menkaure (D:5)
  5 water moccasins (Lair:1)
  A black bear (D:6)
  2 sky beasts (D:7)
  2 orc warriors
  2 ice beasts (D:7)
  6 wolves (Lair:2)
  A necrophage (D:3)
  2 ogres
  2 centaurs
  A phantom (D:7)
  2 bullfrogs
  A gnoll sergeant (D:7)
  3 scorpions
  A wyvern skeleton (D:6)
  A water moccasin skeleton (D:5)
  6 killer bees (D:7)
  An electric eel (Lair:2)
  2 jellies
  3 centaur zombies
  4 hounds
  3 centaur skeletons
  A human zombie (Ossuary)
  2 gnoll shamans (D:6)
  3 orc priests
  3 bullfrog skeletons
  Jessica (D:2)
  7 iguanas
  6 orc wizards
  2 hound skeletons (D:4)
  2 mummies (Ossuary)
  2 howler monkey zombies
  11 gnolls
  2 howler monkey skeletons (D:5)
  9 adders
  A shadow imp (D:7)
  2 ufetubi (D:5)
  3 adder zombies
  2 worms
  4 dart slugs
  13 orcs
  3 bats
  6 endoplasms
  4 giant cockroaches
  3 goblins
  8 hobgoblins
  11 jackals
  4 kobolds
  A quokka (D:1)
  9 ball pythons
  A frilled lizard (D:1)
  2 goblin zombies (Ossuary)
  6 hobgoblin zombies (Ossuary)
  2 jackal zombies (Ossuary)
  11 kobold zombies (Ossuary)
  10 orc zombies (Ossuary)
  6 rats
  A rat zombie (Ossuary)
258 creatures vanquished.

Vanquished Creatures (collateral kills)
  A steam dragon (Lair:2)
  A black bear (Lair:2)
2 creatures vanquished.

Vanquished Creatures (others)
  An orc wizard (D:6)
  12 fungi
  18 plants
31 creatures vanquished.

Grand Total: 291 creatures vanquished

Notes
Turn   | Place    | Note
-------+----------+-------------------------------------------
     0 | D:1      | Gwenloh the Deep Dwarf Fighter began the quest for the Orb.
     0 | D:1      | Reached XP level 1. HP: 20/20 MP: 1/1
     8 | D:1      | Found a faded altar of an unknown god.
   116 | D:1      | Reached XP level 2. HP: 24/27 MP: 2/2
   558 | D:1      | Reached XP level 3. HP: 18/34 MP: 3/3
  1125 | D:2      | Noticed Jessica
  1470 | D:2      | Found a runed translucent door.
  1471 | D:2      | Noticed Crazy Yiuf
  1562 | D:3      | Noticed Sigmund
  1569 | D:2      | Reached skill level 3 in Axes
  1587 | D:2      | Killed Jessica
  1588 | D:2      | Reached XP level 4. HP: 39/42 MP: 3/3
  1620 | D:3      | Found a shadowy altar of Dithmenos.
  1620 | D:3      | Noticed a necrophage
  1752 | D:3      | Killed a necrophage
  1753 | D:3      | Reached XP level 5. HP: 35/49 MP: 4/4
  1774 | D:3      | Reached skill level 4 in Axes
  2147 | D:3      | Found Urra Zea's General Store.
  2543 | D:4      | Noticed an ogre
  2547 | D:4      | Killed an ogre
  2548 | D:4      | Reached XP level 6. HP: 28/57 MP: 5/5
  2680 | D:4      | You fall into a shaft and drop 2 floors!
  2685 | D:6      | Identified the +6 flail of Pusmu {vamp, rN+ Int+3}
  2700 | D:6      | Found a sand-covered staircase.
  2705 | Ossuary  | Entered an ossuary
  3051 | Ossuary  | Reached skill level 5 in Axes
  3357 | D:6      | Noticed an orc warrior
  3378 | D:5      | Entered Level 5 of the Dungeon
  3388 | D:5      | Reached XP level 7. HP: 42/64 MP: 6/6
  3415 | D:4      | Found Deruveewk's Weapon Shoppe.
  3498 | D:4      | Found a glowing golden altar of the Shining One.
  3498 | D:4      | Found a white marble altar of Elyvilon.
  3499 | D:4      | Found a glowing silver altar of Zin.
  3594 | D:4      | Reached skill level 5 in Shields
  3754 | D:5      | Found a burning altar of Makhleb.
  3763 | D:5      | Reached skill level 5 in Armour
  3771 | D:5      | Became a worshipper of Makhleb the Destroyer
  4105 | D:5      | Noticed Menkaure
  4193 | D:5      | Killed Menkaure
  4194 | D:5      | Reached skill level 6 in Axes
  4194 | D:5      | Reached skill level 1 in Invocations
  4248 | D:5      | Found a shimmering altar of Xom.
  4249 | D:5      | Noticed Pikel
  4310 | D:5      | Killed Pikel
  4311 | D:5      | Reached XP level 8. HP: 23/73 MP: 6/8
  4502 | D:5      | Reached skill level 7 in Axes
  4732 | D:5      | Reached skill level 5 in Fighting
  4860 | D:5      | Reached * piety under Makhleb
  5107 | D:6      | Found Olumiuvuynn's Jewellery Shop.
  5191 | D:6      | Reached skill level 8 in Axes
  5191 | D:6      | Gained mutation: You passively map the area around you.
                  | [Deep Dwarf growth]
  5191 | D:6      | Reached XP level 9. HP: 67/81 MP: 10/10
  5511 | D:6      | Found a staircase to the Ecumenical Temple.
  5677 | D:6      | Reached skill level 5 in Invocations
  5861 | D:7      | Found a bloodstained altar of Trog.
  5977 | D:7      | Reached skill level 9 in Axes
  5992 | D:7      | Reached ** piety under Makhleb
  6192 | D:7      | Noticed Maggie
  6216 | D:7      | Killed Maggie
  6408 | D:8      | Found a staircase to the Lair.
  6441 | D:8      | Reached XP level 10. HP: 61/91 MP: 12/12
  6445 | D:8      | Found a blossoming altar of Fedhas.
  6550 | D:8      | Found a snail-covered altar of Cheibriados.
  6756 | D:8      | Noticed a two-headed ogre
  6775 | D:8      | Killed a two-headed ogre
  6776 | D:8      | Reached skill level 10 in Axes
  6977 | D:8      | Found a runed translucent gate.
  6977 | D:8      | Found a runed translucent gate.
  6978 | D:8      | Found a runed translucent gate.
  6981 | D:8      | Noticed ma3's ghost (novice SpHu)
  7446 | Lair:1   | Entered Level 1 of the Lair of Beasts
  7640 | Lair:1   | Noticed an oklob plant
  7807 | Lair:1   | Noticed a cane toad
  7820 | Lair:1   | Killed a cane toad
  8037 | Lair:1   | Noticed a cane toad
  8052 | Lair:1   | Killed a cane toad
  8069 | Lair:1   | Reached skill level 11 in Axes
  8093 | Lair:1   | Reached XP level 11. HP: 79/100 MP: 7/9
  8221 | Lair:1   | Noticed Nergalle
  8396 | D:8      | Killed Nergalle
  8924 | Lair:2   | Reached *** piety under Makhleb
  9014 | Lair:2   | Noticed a six-headed hydra
  9037 | Lair:2   | Killed a six-headed hydra
  9038 | Lair:2   | Reached skill level 12 in Axes
  9855 | Lair:3   | Slain by a blink frog

Illustrated notes

Levels and vault maps discovered:
D:1:      saegor_arrival_simple_c, layout_basic,
          hellmonk_ecumenical_altar_crossroads
D:2:      layout_loops_ring, minivault_23, uniq_jessica, uniq_crazy_yiuf_cottage
D:3:      layout_basic, grunt_dithmenos_smoke, serial_shops, nicolae_shop_trees,
          uniq_sigmund
D:4:      layout_gridville, good_gods_temple_1, serial_shops,
          kennysheep_little_box
D:5:      minmay_polygon_palace, layout_basic, makhleb_heckhound_becter,
          nicolae_overflow_crystal_walls, due_unseen_surprise, uniq_menkaure,
          uniq_pikel
D:6:      layout_basic, minmay_temple_entry_stoned_glass, serial_shops, shop,
          enter_ossuary_2
D:7:      layout_basic, lightli_temple_of_fire, uniq_maggie
D:8:      layout_basic, slow_altar_1, marbit_many_paths, lair_entry_dummy,
          ebering_ghost_rock_garden, serial_rivers,
          chequers_serial_rivers_micro_a, chequers_serial_rivers_small_b,
          chequers_serial_rivers_large_b, chequers_serial_rivers_micro_d,
          chequers_serial_rivers_micro_e, chequers_serial_rivers_micro_e,
          corexii_hall_statues_l, minmay_tree_intersection
Lair:1:   layout_roguey, minmay_lair_oklob_items, uniq_nergalle
Lair:2:   layout_cellular_growth, special_room, serial_bayou_shore_b,
          grunt_megastairs_1, serial_bayou_shore_b, lemuel_fruit_fields,
          serial_bayou_shore_b, lemuel_fruit_tree, serial_bayou_shore_b,
          lemuel_fruit_fields
Lair:3:   layout_regular_city, serial_bayou_shore_b, serial_bayou_shore_b

Skill      XL: |  1  2  3  4  5  6  7  8  9 10 11 |
---------------+----------------------------------+-----
Fighting       | 3 4 5 6 7 |  7.9
Axes           | 3 4 5 6 8 9 11 12 | 12.3
Armour         | 4 5 6 7 8 9 |  9.4
Shields        | 4 5 6 7 8 9 |  9.4
Invocations    | 2 4 6 8 9 |  9.4

Action                   |  1- 3 |  4- 6 |  7- 9 | 10-12 || total
-------------------------+-------+-------+-------+-------++-------
Melee: War axe           |   102 |   195 |   423 |   379 ||  1099
       Flail             |       |       |       |    75 ||    75
Throw: Dart              |       |    11 |   100 |    20 ||   131
       Boomerang         |       |       |       |    55 ||    55
Invok: Minor Destruction |       |       |     1 |       ||     1
       Lesser Servant of |       |       |       |     1 ||     1
 Abil: Heal Wounds       |     1 |     3 |    14 |    28 ||    46
  Use: Scroll            |       |     5 |     3 |     5 ||    13
       Potion            |       |       |     2 |       ||     2
Armor: Scale mail        |    42 |    85 |   186 |   106 ||   419
Dodge: Dodged            |    32 |    54 |   170 |   173 ||   429
Block: Kite shield       |    62 |   102 |   257 |   239 ||   660

Table legend: (Time is in decaauts)
 A = Elapsed time spent in this place.
 B = Non-inter-level travel time spent in this place.
 C = Inter-level travel time spent in this place.
 D = Time resting spent in this place.
 E = Time spent auto-exploring this place.
 F = Levels seen in this place.
 G = Mean time per level.
                   A        B        C        D        E       F      G
               +--------+--------+--------+--------+--------+-----+--------+
         Total |  10283 |   9649 |    634 |    123 |   6004 |  12 |  856.9 |
       Dungeon |   7199 |   6600 |    599 |    123 |   4559 |   8 |  899.9 |
          Lair |   2379 |   2344 |     35 |      0 |   1445 |   3 |  793.0 |
       Ossuary |    704 |    704 |      0 |      0 |      0 |   1 |  704.0 |
               +--------+--------+--------+--------+--------+-----+--------+

Top non-repeatable levels by time:
     D:5: 1441 daAuts
     D:8: 1203 daAuts
     D:2: 1196 daAuts
  Lair:2: 1072 daAuts
  Lair:1: 1038 daAuts
     D:1: 828 daAuts
     D:6: 809 daAuts
 Ossuary: 704 daAuts
     D:7: 679 daAuts
     D:3: 605 daAuts
     D:4: 433 daAuts
  Lair:3: 268 daAuts
